 Dungeon Crawl Stone Soup version 0.30.1-3-gfc49f6343a (webtiles) character file.

Game seed: 11854425283467042849

329 Descartes the Shield-Bearer (level 6, -3/49 HPs)
             Began as a Formicid Fighter on July 31, 2023.
             Slain by a black bear (6 damage)
             ... on level 4 of the Dungeon.
             The game lasted 00:06:22 (2928 turns).

Descartes the Shield-Bearer (Formicid Fighter)      Turns: 2928, Time: 00:06:24

Health: -3/49      AC:  5    Str: 22    XL:     6   Next: 80%
Magic:  6/6        EV: 10    Int:  8    God:
Gold:   274        SH:  5    Dex: 13    Spells: 5/5 levels left

rFire   . . .        a - +0 war axe
rCold   . . .        c - +0 buckler
rNeg    . . .        w - +0 troll leather armour
rPois   .            (helmet unavailable)
rElec   .            o - +0 cloak {rCorr}
rCorr   +            (no gloves)
SInv    +            (no boots)
Will    .....        (no amulet)
Stlth   +            (no ring)
HPRegen 1.08/turn    (no ring)
MPRegen 0.10/turn

%: no passive effects
@: no status effects
A: permanent stasis, dig shafts and tunnels, antennae 3, four strong arms
a: Dig, Shaft Self


You were on level 4 of the Dungeon.
You visited 1 branch of the dungeon, and saw 4 of its levels.

You collected 274 gold pieces.

Inventory:

Hand Weapons
 a - a +0 war axe (weapon)
 n - a +4 quarterstaff of chaos
Missiles
 g - 5 poisoned darts
Armour
 b - a +0 scale mail
 c - a +0 buckler (worn)
 o - a +0 cloak of preservation (worn)
 w - a +0 troll leather armour (worn)
Jewellery
 k - an amulet of magic regeneration
Wands
 x - a wand of iceblast (6)
Scrolls
 f - a scroll of fog {unknown}
 h - a scroll of magic mapping {unknown}
 j - a scroll of amnesia {unknown}
 m - 2 scrolls of enchant weapon {unknown}
 p - 2 scrolls of silence {unknown}
 r - 5 scrolls of identify {unknown}
 s - 2 scrolls of noise {unknown}
 t - a scroll of immolation {unknown}
 v - a scroll of vulnerability {unknown}
 y - a scroll of blinking {unknown}
Potions
 d - a potion of might
 e - a potion of heal wounds
 i - 2 potions of haste {unknown}
 l - a potion of curing {unknown}
 q - 2 potions of attraction {unknown}
 u - a potion of degeneration {unknown}


   Skills:
 + Level 4.4 Fighting
 + Level 3.2(3.5) Axes
 + Level 2.1(3.0) Maces & Flails
 + Level 4.3 Armour
 + Level 5.3 Shields
 + Level 2.0 Translocations


You had 5 spell levels left.
You didn't know any spells.
Your spell library contained the following spells:

 Spells                   Type           Power      Damage    Failure   Level
 Beastly Appendage        Tmut           0%         N/A       52%         1
 Wereblood                Tmut           0%         N/A       65%         2
 Spider Form              Tmut/Pois      0%         N/A       87%         3


Dungeon Overview and Level Annotations

Branches:
Dungeon (4/15)
 Temple: D:4-7

Altars:
Okawaru
Xom

Shops:
D:1 ?!*((   D:2 [

Annotations:
D:4 1 transporter, Edmund


Innate Abilities, Weirdness & Mutations

You cannot be hasted, slowed, berserked, paralysed or teleported.
You can dig through walls and to a lower floor.
You have a pair of large antennae on your head. (SInv)
Your four strong arms can wield two-handed weapons with a shield.


Message History

The black bear claws you.
You barely miss the black bear.
The black bear is severely wounded.
You barely miss the kobold. You block the kobold's attack.
The black bear bites you. You block the black bear's attack.
The black bear claws you but does no damage.
The kobold hits you but does no damage. The black bear bites you.
The black bear claws you but does no damage.
The black bear claws you.
You hit the black bear.
The black bear is almost dead.
You barely miss the kobold. The kobold hits you with a +0 dagger.
The black bear goes berserk!
Unknown command.
You barely miss the black bear.
The black bear is almost dead.
You barely miss the kobold. The black bear bites you.
The black bear claws you. x2
The kobold hits you but does no damage. You block the black bear's attack.
The black bear claws you. x2
* * * LOW HITPOINT WARNING * * *
You hit the black bear.
The black bear is almost dead.
You slash the kobold!
You kill the kobold!
The black bear bites you but does no damage.
The black bear claws you but does no damage.
The black bear claws you.
* * * LOW HITPOINT WARNING * * *
The black bear bites you!
* * * LOW HITPOINT WARNING * * *
You block the black bear's attack.
The black bear claws you but does no damage.
The black bear attacks as you move away!
The black bear bites you but does no damage.
The black bear barely misses you. The black bear claws you.
* * * LOW HITPOINT WARNING * * *
The black bear bites you.
* * * LOW HITPOINT WARNING * * *
The black bear barely misses you. The black bear claws you.
You die...

###.....## #...#!
#......# #....#.
##..#.#........##:
#...#.#........#..
#.#...##.......#
####.##.......
#............
#........#...
#..!@........
#(.†h$###.###
.......)†# #..
........... .
####.....#⌠..
#.....##...#
####.## #..⌠ #.#
.>. #.# .⌠


You could see a black bear (berserk).

Vanquished Creatures
  2 scorpions
  A howler monkey (D:4)
  Crazy Yiuf (D:2)
  An iguana (D:4)
  4 adders
  A worm (D:2)
  2 dart slugs
  3 orcs
  9 ball pythons
  3 bats
  8 endoplasms
  A giant cockroach (D:1)
  8 goblins
  5 hobgoblins
  4 jackals
  7 kobolds
  2 quokkas
  8 frilled lizards
  4 rats
74 creatures vanquished.

Notes
Turn   | Place    | Note
-------+----------+-------------------------------------------
     0 | D:1      | Descartes the Formicid Fighter began the quest for the Orb.
     0 | D:1      | Reached XP level 1. HP: 18/18 MP: 1/1
    41 | D:1      | Found Teitra's General Store.
   168 | D:1      | Found Ymuah's Magic Scroll Boutique.
   242 | D:1      | Reached XP level 2. HP: 24/24 MP: 2/2
   265 | D:1      | Found Niexze's Weapon Boutique.
   563 | D:1      | Reached XP level 3. HP: 23/29 MP: 3/3
   686 | D:1      | Found Larghige's Distillery.
   761 | D:1      | Found a faded altar of an unknown god.
   954 | D:1      | Found Idghuar's Weapon Shoppe.
  1101 | D:2      | You fall into a shaft and drop 1 floor!
  1129 | D:3      | Reached skill level 1 in Maces & Flails
  1129 | D:3      | Reached XP level 4. HP: 21/37 MP: 4/4
  1150 | D:2      | Reached skill level 1 in Translocations
  1267 | D:2      | Found a runed translucent door.
  1268 | D:2      | Noticed Crazy Yiuf
  1273 | D:2      | Killed Crazy Yiuf
  1506 | D:2      | Found Xaeh's Armour Shop.
  1558 | D:2      | Reached XP level 5. HP: 42/42 MP: 5/5
  2429 | D:4      | Reached skill level 5 in Shields
  2429 | D:4      | Reached XP level 6. HP: 8/48 MP: 6/6
  2507 | D:4      | Found an iron altar of Okawaru.
  2566 | D:4      | Found a transporter.
  2626 | D:4      | Found a shimmering altar of Xom.
  2819 | D:4      | Noticed Edmund
  2913 | D:4      | Noticed a black bear
  2928 | D:4      | Slain by a black bear

Illustrated notes

Levels and vault maps discovered:
D:1:      denvon_arrival_waterhouse, layout_loops_corners, serial_shops, shop,
          shop, shop, nicolae_shop_waterfront, nicolae_shop_window_shopping,
          hellmonk_ecumenical_altar_dog_temple, minmay_misc_feat_chi
D:2:      layout_basic, serial_shops,
          nicolae_shop_temple_entry_statues_fountains, uniq_crazy_yiuf_cottage
D:3:      minmay_spotlight, layout_rooms, st_stairs_2
D:4:      layout_rooms, mainiacjoe_overflow_alcove_4, amcnicky_altar_gilded,
          gammafunk_ghost_abyssal_escape, kennysheep_diamond,
          grunt_decor_fettered, grunt_ministairs_8, wad_floor_pattern_untrapped,
          uniq_edmund

Skill      XL: |  1  2  3  4  5  6 |
---------------+-------------------+-----
Maces & Flails | 1 2 |  2.1
Translocations | 1 2 |  2.0
Fighting       | 4 |  4.4
Armour         | 4 |  4.3
Shields        | 5 |  5.3
Axes           | 3 |  3.2

Action                     |  1- 3 |  4- 6 || total
---------------------------+-------+-------++-------
  Melee: War axe           |    85 |   133 ||   218
    Use: Potion            |     1 |       ||     1
   Stab: Sleeping          |       |     1 ||     1
 Armour: Scale mail        |    48 |    14 ||    62
         Troll leather arm |       |    33 ||    33
  Dodge: Dodged            |    47 |    81 ||   128
  Block: Buckler           |    20 |    43 ||    63
